 Dungeon Crawl Stone Soup version 0.23.1-37-gaa34b87b72 (webtiles) character file.

Game seed: 165383657358247180

6058 Marnok the Carver (level 10, -10/88 HPs)
             Began as a Minotaur Fighter on Mar 22, 2019.
             Mangled by a sun demon (20 damage)
             ... summoned by an orc high priest
             ... on level 2 of the Orcish Mines.
             The game lasted 00:37:32 (6849 turns).

Marnok the Carver (Minotaur Fighter)                Turns: 6849, Time: 00:37:33

Health: -10/88     AC:  8    Str: 23    XL:     10   Next: 57%
Magic:  9/9        EV: 12    Int:  5    God:
Gold:   528        SH: 12    Dex: 11    Spells: 9/9 levels left

rFire    + + .     SeeInvis .   a - +1 long sword
rCold    + + .     Gourm    .   c - +0 shield
rNeg     + . .     Faith    +   B - +0 troll leather armour
rPois    +         Spirit   .   (helmet restricted)
rElec    +         Reflect  .   v - +0 cloak
rCorr    +         Harm     .   (no gloves)
MR       .....                  l - +0 pair of boots
Stlth    +++.......             F - amulet of faith
HPRegen  0.64/turn              s - ring of Puepyom {rF+ rC+ rN+ Stlth+}
MPRegen  0.11/turn              r - ring of poison resistance

@: resistant
A: retaliatory headbutt, horns 2
a: no special abilities


You were on level 2 of the Orcish Mines.
You were hungry.

You visited 2 branches of the dungeon, and saw 12 of its levels.
You also visited: Ossuary.

You collected 528 gold pieces.

Inventory:

Hand Weapons
 a - a +1 long sword (weapon)
 x - a +0 great sword of slicing
 C - a +0 double sword of holy wrath
Missiles
 y - 3 throwing nets (quivered)
Armour
 c - a +0 shield (worn)
 l - a +0 pair of boots (worn)
 q - a +0 shield
 v - a +0 cloak (worn)
 A - a +2 chain mail of cold resistance
 B - a +0 troll leather armour (worn)
Magical Staves
 e - an uncursed staff of air
Jewellery
 i - an uncursed ring of flight
 r - a ring of poison resistance (right hand)
 s - the ring of Puepyom (left hand) {rF+ rC+ rN+ Stlth+}
   (You took it off a centaur on level 5 of the Dungeon)

   [ring of stealth]

   It protects you from fire.
   It protects you from cold.
   It protects you from negative energy.
   It makes you more stealthy.
 w - a +3 ring of evasion {unknown}
 F - an amulet of faith (around neck)
Wands
 d - a wand of flame (23)
 j - a wand of acid (6)
 z - a wand of paralysis (6)
 D - a wand of polymorph (5)
Scrolls
 g - 7 scrolls of amnesia
 k - a scroll of identify
 m - 5 scrolls of remove curse
 o - a scroll of magic mapping
Potions
 h - a potion of brilliance
 n - 2 potions of degeneration
 t - a potion of lignification
Comestibles
 f - 15 rations


   Skills:
 + Level 8.2 Fighting
 + Level 11.4 Long Blades
 + Level 8.8 Armour
 + Level 4.6 Dodging
 + Level 2.4 Stealth
 + Level 9.7 Shields


You had 9 spell levels left.
You didn't know any spells.
Your spell library contained the following spells:

 Spells                   Type           Power        Failure   Level  Hunger
 Confusing Touch          Hex            #.....       75%         1    ##.....
 Confuse                  Hex            #.......     98%         3    ####...
 Gell's Gravitas          Tloc           #.........   98%         3    ####...
 Petrify                  Tmut/Erth      #.......     100%        4    #####..
 Metabolic Englaciation   Hex/Ice        #.........   100%        5    ######.
 Yara's Violent Unravell  Hex/Tmut       #.........   100%        5    ######.


Dungeon Overview and Level Annotations

Branches:
Dungeon (12/15)            Temple (0/1) D:7             Orc (2/2) D:11
   Lair: D:8-11         Elf: Orc:2

Altars:
Ashenzari
Cheibriados
The Shining One
Beogh

Shops:
D:6 (   D:7 :


Innate Abilities, Weirdness & Mutations

You reflexively headbutt those who attack you in melee.
You have a pair of horns on your head.


Message History

You resist. You block the orc's attack.
The orc wizard hits you but does no damage.
You feel better. The sun demon hits you!!
* * * LOW HITPOINT WARNING * * *
You are engulfed in flames.
You resist.
* * * LOW HITPOINT WARNING * * *
You block the orc's attack.
The orc wizard hits you but does no damage.
The orc wizard hits you with a +0 dagger.
* * * LOW HITPOINT WARNING * * *
You closely miss the orc wizard. The sun demon closely misses you.
You block the orc's attack.
The orc wizard hits you with a +0 dagger.
* * * LOW HITPOINT WARNING * * *
The orc wizard casts a spell.
The orc wizard blinks!
You block the orc's attack.
The orc wizard hits you but does no damage.
The sun demon hits you!!
You die...

#.....$...........
#..#........#....
#..............
.#.#..<....^.....
#....................
#......####......#..$..
#...#..#._#........##..
#.....#..#............
#....o#o@#.)....#....#
.T.#o.#o3#.#........#
o.# #.##T#.........#
#.†o4o.......##
##.o.........#
##.#.....#.##
####.#...## ##...##
##.##


You could see an orc high priest, a sun demon, a rust devil, a troll, 2 orc
wizards and 2 orcs.

Vanquished Creatures
  A komodo dragon (D:11)
  A troll (D:8)
  Grinder (D:4)
  2 hippogriffs
  A warg (Orc:2)
  A water moccasin (D:6)
  3 ice beasts
  3 orc warriors
  2 sky beasts (D:7)
  A phantom (D:5)
  An eye of draining (D:8)
  4 ogres
  A centaur (D:5)
  A crocodile (D:8)
  3 elf zombies (Ossuary)
  4 bullfrogs
  A scorpion (D:6)
  A wyvern skeleton (D:7)
  Dowan (D:4)
  A water moccasin skeleton (D:7)
  5 killer bees (D:11)
  4 wights (D:7)
  12 howler monkeys
  4 crimson imps
  3 human zombies (Ossuary)
  3 bullfrog zombies
  A quasit (D:7)
  9 centaur zombies
  3 hounds
  A bullfrog skeleton (D:4)
  8 orc priests
  2 jellies
  5 orc wizards
  Ijyb (D:3)
  Jessica (D:3)
  Natasha (D:4)
  4 worker ants
  A hound zombie (D:5)
  3 mummies (Ossuary)
  5 adders
  8 gnolls
  A shadow imp (D:7)
  2 oozes
  An adder zombie (D:6)
  An adder skeleton (D:5)
  4 leopard geckos
  29 orcs
  3 giant cockroaches
  5 goblins
  5 hobgoblins
  6 jackals
  4 quokkas
  2 ball pythons
  6 bats
  A frilled lizard (D:2)
  3 kobolds
  A leopard gecko skeleton (D:4)
  6 rats
198 creatures vanquished.

Notes
Turn   | Place    | Note
-------+----------+-------------------------------------------
     0 | D:1      | Marnok the Minotaur Fighter began the quest for the Orb.
     0 | D:1      | Reached XP level 1. HP: 19/19 MP: 0/0
     2 | D:1      | Noticed a minotaur
     4 | D:1      | Noticed a tengu
     4 | D:1      | Noticed a demonspawn
     6 | D:1      | Noticed a ghoul
     6 | D:1      | Noticed a formicid
     8 | D:1      | Noticed a merfolk
     8 | D:1      | Noticed a troll
    10 | D:1      | Noticed an ogre
    12 | D:1      | Noticed a demigod
    12 | D:1      | Noticed an elf
    14 | D:1      | Noticed an octopode
    14 | D:1      | Noticed a centaur
    16 | D:1      | Noticed a felid
    18 | D:1      | Noticed a halfling
    18 | D:1      | Noticed a spriggan
    20 | D:1      | Noticed a naga
    20 | D:1      | Noticed a human
    22 | D:1      | Noticed a gargoyle
    24 | D:1      | Noticed a dwarf
    24 | D:1      | Noticed a vine stalker
    26 | D:1      | Noticed a vampire
    26 | D:1      | Noticed a draconian
   779 | D:2      | Reached XP level 2. HP: 25/27 MP: 1/1
   954 | D:3      | Reached skill level 3 in Long Blades
   990 | D:3      | Noticed Jessica
   994 | D:3      | Killed Jessica
   994 | D:3      | Reached XP level 3. HP: 24/33 MP: 2/2
   996 | D:3      | Reached XP level 4. HP: 29/40 MP: 3/3
  1180 | D:3      | Noticed Ijyb
  1192 | D:3      | Killed Ijyb
  1464 | D:2      | Reached XP level 5. HP: 47/47 MP: 4/4
  1499 | D:2      | Reached skill level 4 in Long Blades
  1691 | D:4      | Noticed Grinder
  1709 | D:4      | Paralysed by Grinder for 6 turns
  1726 | D:4      | Paralysed by Grinder for 4 turns
  1739 | D:4      | Reached skill level 1 in Dodging
  1746 | D:4      | Killed Grinder
  1746 | D:4      | Reached skill level 5 in Long Blades
  1746 | D:4      | Reached skill level 5 in Shields
  1746 | D:4      | Reached XP level 6. HP: 42/53 MP: 5/5
  1761 | D:4      | Noticed Dowan
  1772 | D:4      | Found a sand-covered staircase.
  1780 | Ossuary  | Entered an ossuary
  1818 | Ossuary  | Reached skill level 5 in Armour
  1818 | Ossuary  | Reached XP level 7. HP: 57/60 MP: 6/6
  1850 | Ossuary  | Reached skill level 6 in Long Blades
  1858 | Ossuary  | Reached skill level 5 in Fighting
  1966 | Ossuary  | Reached skill level 7 in Long Blades
  2010 | D:4      | Killed Dowan
  2056 | D:4      | Reached XP level 8. HP: 69/69 MP: 7/7
  2070 | D:4      | Noticed Natasha
  2089 | D:4      | Killed Natasha
  2362 | D:4      | Reached skill level 1 in Stealth
  2596 | D:4      | Found a glowing golden altar of the Shining One.
  3177 | D:5      | Entered Level 5 of the Dungeon
  3196 | D:6      | Found a snail-covered altar of Cheibriados.
  3201 | D:6      | Reached skill level 8 in Long Blades
  3218 | D:7      | Noticed a hippogriff
  3227 | D:6      | Killed a hippogriff
  3570 | D:5      | Identified the ring of Puepyom {rF+ rC+ rN+ Stlth+}
  3609 | D:5      | Reached skill level 9 in Long Blades
  3609 | D:5      | Reached XP level 9. HP: 55/78 MP: 8/8
  4644 | D:6      | Found Ciomuj's Weapon Emporium.
  4748 | D:7      | Found a shattered altar of Ashenzari.
  5082 | D:7      | Reached skill level 10 in Long Blades
  5476 | D:7      | Found a staircase to the Ecumenical Temple.
  5828 | D:7      | Found Sach's Book Emporium.
  5838 | D:7      | Reached XP level 10. HP: 84/86 MP: 9/9
  6187 | D:8      | Identified a scroll of acquirement
  6326 | D:8      | You fall through a shaft for 3 floors!
  6369 | D:11     | Reached skill level 11 in Long Blades
  6692 | D:11     | Found a staircase to the Orcish Mines.
  6697 | D:11     | Noticed a cyclops
  6702 | Orc:1    | Entered Level 1 of the Orcish Mines
  6720 | Orc:1    | Noticed a cyclops
  6730 | Orc:1    | Noticed an orc knight
  6763 | Orc:2    | Entered Level 2 of the Orcish Mines
  6763 | Orc:2    | Noticed an orc high priest
  6838 | Orc:2    | Noticed a sun demon
  6838 | Orc:2    | Noticed a rust devil
  6842 | Orc:2    | Found a roughly hewn altar of Beogh.
  6849 | Orc:2    | Mangled by a sun demon

Skill      XL: |  1  2  3  4  5  6  7  8  9 10 |
---------------+-------------------------------+-----
Fighting       | 4 5 6 7 8 |  8.2
Armour         | 4 5 6 8 |  8.8
Shields        | 4 5 6 7 8 9 |  9.7
Long Blades    | 3 5 7 9 10 11 | 11.4
Dodging        | 2 3 4 |  4.6
Stealth        | 1 2 |  2.4

Action                   |  1- 3 |  4- 6 |  7- 9 | 10-12 || total
-------------------------+-------+-------+-------+-------++-------
Melee: Long sword        |    36 |   118 |   451 |   179 ||   784
       Headbutt          |     6 |    27 |   104 |    45 ||   182
  Use: Potion            |     1 |     5 |     6 |     5 ||    17
       Scroll            |       |     7 |     6 |     5 ||    18
 Stab: Invisible         |       |       |     5 |       ||     5
       Sleeping          |       |       |       |     1 ||     1
  Eat: Chunk             |       |     3 |    10 |     3 ||    16
       Ration            |       |       |     1 |       ||     1
Armor: Scale mail        |    15 |    39 |    53 |       ||   107
       Chain mail        |       |       |    87 |    43 ||   130
       Troll leather arm |       |       |       |    43 ||    43
Dodge: Dodged            |    15 |    26 |   125 |   113 ||   279
Block: Shield            |    15 |    73 |   185 |   148 ||   421
       Rpst.: Long sword |     5 |     7 |    34 |    23 ||    69
